← All builds
Suicide front / Cortex / Economy first / OBSERVED BUILD

Standard suicide front

Cortex Suicide front build order · Supreme Isthmus

Economy-first start from a Bot Lab that pushes Thugs, Aggravators and Grunts to hold the middle while the player techs up as usual.

#rush #eco · 494 distinct matches · 91 players · 72% of Cortex Suicide front games · team won 53% of 510 · Recently observed

HOW TO PLAY IT

Key timing: Bot Lab by 0:35

  1. Grab 3 mex while bot lab goes down almost immediately.
  2. Finish bot lab and start pushing Thugs to middle right away.
  3. Layer wind, guard turrets and sentries while holding the line.
  4. Expect first kill and first loss almost immediately as fighting starts early.
  5. Transition into advanced metal extractor once middle is stable.

Phase by phase

TYPICAL OF ITS 494 GAMES
  1. 1
  2. 2
  3. 3
PLAY THE OPENING

Follow the example game's first 6:00 step by step: what to build now, what comes next, and where it goes. At 1× it keeps pace with your own game.

  1. 1

    Up to the Bot Lab

    Economy
    • Metal Extractor2Mex
    Order
    1. Bot LabBot Lab after 2 mexdone ~0:37, middle half 0:27–0:45

    By 0:22 in all: 2 mex

    The example game in this phase · 2 steps
    1. Mex ×3
    2. Bot LabBot Labdone 0:44 · typical 0:37
  2. 2

    Bot Lab to 5:00

    Economy
    • Metal Extractor4Mex
    • Wind Turbine3Wind
    Builders
    • Graverobber4 Graverobber
    • Construction Bot3 Con bot
    Army
    • Guard3 Guard
    • Thug15 Thug
    • Grunt3 Grunt
    Other
    • Radar Tower1 Radar Tower

    Some games also: aggravator (46%)

    By 5:00 in all: 5 mex · 3 wind

    The example game in this phase · 28 steps
    1. Wind
    2. GruntGrunt
    3. GuardGuard
    4. Wind
    5. GruntGrunt
    6. Wind
    7. GraverobberGraverobber
    8. Construction BotCon bot
    9. ThugThug ×3
    10. Radar TowerRadar Tower
    11. ThugThug
    12. ThistleThistle
    13. ThugThug
    14. Mex
    15. GraverobberGraverobber ×3
    16. Construction BotCon bot
    17. GuardGuard
    18. AggravatorAggravator ×5
    19. Construction BotCon bot
    20. Mex
    21. ThugThug ×7
    22. Wind
    23. ThugThug ×3
    24. GraverobberGraverobber
    25. Wind
    26. GraverobberGraverobber ×2
    27. Wind
    28. ThugThug
  3. 3

    5:00 to 10:00

    Economy
    • Metal Extractor1Mex
    • Wind Turbine14Wind
    Builders
    • Construction Turret2 Con turret
    • Graverobber3 Graverobber
    • Construction Bot1 Con bot
    Army
    • Guard1 Guard
    • Thug8 Thug
    • Grunt2 Grunt

    Some games also: energy storage (47%) · aggravator (45%) · Radar Tower (41%) · Twin Guard (31%) · eat Bot Lab (35%)

    By 10:00 in all: 6 mex · 18 wind · 1 energy storage · 2 con turret

    The example game in this phase · 92 steps
    1. Mex
    2. GraverobberGraverobber
    3. ThugThug ×4
    4. Wind
    5. ThugThug ×3
    6. Twin GuardTwin Guard
    7. ThugThug ×2
    8. Wind
    9. Construction BotCon bot
    10. ThugThug ×4
    11. LazarusLazarus
    12. ThugThug
    13. Wind
    14. ThugThug ×2
    15. GraverobberGraverobber
    16. Wind
    17. Mex
    18. Construction BotCon bot
    19. ThistleThistle
    20. ThugThug
    21. Wind
    22. ThugThug
    23. AggravatorAggravator
    24. GraverobberGraverobber
    25. Radar TowerRadar Tower
    26. GraverobberGraverobber
    27. Radar TowerRadar Tower
    28. Wind
    29. GraverobberGraverobber
    30. SentrySentry
    31. Twin GuardTwin Guard
    32. Wind
    33. ThugThug
    34. RocketeerRocketeer
    35. ThugThug
    36. Wind
    37. ThugThug ×2
    38. Wind
    39. ThugThug ×2
    40. Wind
    41. ThugThug
    42. Wind
    43. ThugThug ×2
    44. Mex
    45. ThugThug ×2
    46. GraverobberGraverobber
    47. Wind
    48. ThugThug ×2
    49. Wind
    50. LazarusLazarus
    51. ThugThug
    52. GuardGuard
    53. ThugThug
    54. Wind
    55. Advanced Metal ExtractorT2 mexdone 9:42
    56. ThugThug
    57. Wind
    58. ThugThug
    59. GuardGuard
    60. Bot LabBot Labdone 8:49
    61. ThugThug
    62. Wind
    63. Construction BotCon bot
    64. ThugThug ×2
    65. Wind
    66. GuardGuard
    67. ThistleThistle
    68. ThugThug
    69. Wind
    70. ThugThug
    71. Solar
    72. Wind
    73. Construction BotCon bot
    74. GraverobberGraverobber
    75. GuardGuard
    76. Wind
    77. RocketeerRocketeer
    78. Construction BotCon bot
    79. Wind
    80. ThugThug
    81. AggravatorAggravator
    82. Advanced Metal ExtractorT2 mex
    83. ThugThug
    84. GuardGuard
    85. Wind
    86. ThugThug ×2
    87. Wind
    88. ThugThug
    89. AggravatorAggravator
    90. Wind
    91. ThugThug
    92. Wind

Counts are medians over the build's games: half of them build more, half fewer. The example game is Rexalidus's (37 OS, 06/10/2026); pick another.

Team trades

IN AT LEAST 30% OF ITS GAMES

You hand over

Nothing regular.

You get

  • Tidal Generator4 Tidal from Pondfirst at 0:11 · in 69% of games
  • Advanced Construction Bot1 T2 con bot from Geo or Techfirst at 7:38 · in 57% of games

How it plays out

Typical game of this build, running totals by minute

Metal produced

010k20k
0:005:0010:0015:00

metal

Enemy metal destroyed

05k10k
0:005:0010:0015:00

metal

Own metal lost

05k10k15k
0:005:0010:0015:00

metal

510 games.

Show as table
ByMetal produced: This buildEnemy metal destroyed: This buildOwn metal lost: This build
1:0032700
2:0096500
3:002069200140
4:003167712642
5:00432816511430
6:00554925842412
7:00675036083473
8:00796845704492
9:00923953275480
10:001049060336293
11:001202366217138
12:001361270967946
13:001518477998729
14:001697885519413
15:0018684921410163
WHAT THE NUMBERS SAY

Standard suicide front wins slightly above average at 52%, with by far the heaviest early trading of any role.

  • + Fastest bot lab of any role at 0:35, matching its job of projecting force earliest.
  • − Highest own metal lost by far at 10162 by 15:00, reflecting constant frontline trading.
THE EXAMPLE YOU ARE READING

Rexalidus

36.9 OS · 06/10/2026

Open source match ↗

5 received units · includes a constructor
2268 metal received · 14930 energy received

Allied construction assistance is unknown. Timings are observations, not a promise of solo reproducibility.

Typical milestones

Bot Lab0:37Middle 50%: 0:27–0:45 · n=506
Advanced Metal Extractor9:50Middle 50%: 8:50–10:58 · n=330

Played most by

_X_64games of this build_Hawkey_54games of this buildXXMACGAMERXX43games of this buildImmort30games of this buildGuiTou25games of this build
Standard suicide front · Cortex Suicide front build order · BAR Build Atlas